Map: Tryton ER

Players

kers - Winner!

  • Race: Protoss Protoss
  • League: Platinum
  • Spawn Location: 5:00

dantdva

  • Race: Terran Terran
  • League: Silver
  • Spawn Location: 11:00

VOD

Have the link to the VOD?

Description

Time

  • Played on: March 3, 2020, 2:10 p.m.
  • Length: 2:29
Show
View Real Time Build Order
Export as new Build Order

kers Protoss - Winner!

Build Orders:  

Get SALT Encoding   

  12  0:01  Probe  
  13  0:13  Probe  
  14  0:17  Pylon  
  14  0:25  Probe  
  15  0:37  Probe (Chrono Boost)  
  15  0:39  Gateway  
  16  0:48  Probe (Chrono Boost)  
  17  0:53  Probe (Chrono Boost), Assimilator  
  18  1:03  Probe  
  19  1:15  Probe  
  20  1:27  Probe  
  21  1:42  Probe  
  21  1:43  Gateway  
  21  1:45  Cybernetics Core  
  22  1:47  Assimilator  
  22  1:54  Probe  
  23  2:11  Probe  
  23  2:15  Pylon  
Show
View Real Time Build Order
Export as new Build Order

dantdva Terran 

Build Orders:  

Get SALT Encoding   

  12  1:12  SCV  
  13  1:24  SCV  
  14  1:36  SCV  
  15  2:09  SCV  
Tags
 
Add a new tag
Caveats
  • Supply blocks, unpowered buildings, or Contaminate may cause inaccurate times.
  • Supply counts are checked every 10 seconds.